Unix NetHack Version 5.0.0-0 post-release - last build May 23 2026 06:08:33 (1c0ff79ee797540d5714e4e18072db0edd9e58ae,branch:main).

Game began 2026-05-27 02:52:30, ended 2026-05-27 04:35:38.

CyberFan, chaotic female human Ranger

          ---            ----      -----                           ----
          |.--          --..|      |...---     ----           ------..--
          |..-- --------|...|      |.....|---- |..---       ---.--.....|
          |...--|......---..|     --.....--..|--....--      |..........|   ---
          ---...|.--.......--     |..........||......|      |..>.......-- --.|
       -----......|......---      |.........--|.....--      |...........| |..|
--------.........-.....---        |.........| |...---       |-.........----..--
|.....................--          |-..-----)|--...|         |.........-- |....|
|......---...--......--          --..--   |)||....| ----------........----...--
--......|-----|.....--           |..--    |f--.<-----........................|
 ---...--     |....--   ----    --.--   ---@G)o.----........-------.....-....|
   |-.-|      |...-------..-- ---..|  ---)...--.........-..-|     |..........|
   |...---    --..---.......|--...--  |......|...----.......|     ---.--.....|
 ---.....---------....---..-||....|   |...---|..--  --......--      -----....|
 |.................---- --..---...|   --..-- ----    |-..-...--         |...--
 |.......--.--------     |....|.---    |...|         |........|         --..|
 --..--......|           |......|      |...|         --....--.|          ----
  ------.....|           ---.----      -----          ---..|---
       ----.--             ---                          ----
          ---
CyberFan the Trailblazer     St:16 Dx:7 Co:12 In:13 Wi:14 Ch:9  Chaotic
Dlvl:9  $:667 HP:0(37) Pw:33(33) AC:5  Xp:6/624 T:3243 

Latest messages:
 In what direction?
 The arrow hits the gnome lord.
 The gnome throws a thonged club!
 The thonged club misses the gnome lord.
 You are hit by a thonged club!
 The gnome lord just misses!
 What do you want to read? [muyAEH or ?*]
 As you read the scroll, it disappears.
 A map coalesces in your mind!
 The gnome lord picks up a blessed +2 arrow.
 In what direction?
 You shoot 2 arrows.
 The 1st arrow hits the gnome lord!
 You kill the gnome lord!
 In what direction?
 You shoot 2 arrows.
 The 1st arrow hits the gnome!
 You kill the gnome!
 The 2nd arrow hits Ahaiaigris of Rukuun!
 You kill Ahaiaigris of Rukuun!
 The gnome picks up 2 blessed +2 arrows.
 In what direction?
 You hear crashing rock.
 In what direction?
 The arrow hits the gnome!
 The gnome picks up a blessed +2 arrow.
 The gnome picks up 2 blessed +2 arrows.
 In what direction?
 You kill the gnome!
 In what direction?
 In what direction?
 You kill the gnome!
 c - 2 blessed +2 arrows (in quiver) (28 in total).
 c - 2 blessed +2 arrows (in quiver) (30 in total).
 c - 3 blessed +2 arrows (in quiver) (33 in total).
 You see here a thonged club.
 You hear crashing rock.
 In what direction?
 The arrow hits the gnome lord!
 In what direction?
 The arrow hits the gnome lord.
 You hear a distant zap.
 In what direction?
 The arrow misses the lynx.
 The gnome lord hits!
 In what direction?
 The arrow hits the lynx.
 The lynx hits!
 The lynx hits again!
 You die...

Inventory:
 Coins    ('$')
  $ - 667 gold pieces
 Weapons  (')')
  c - 29 blessed +2 arrows (in quiver)
  d - 34 uncursed +0 arrows
  b - an uncursed +1 bow (weapon in right hand)
  g - 24 uncursed +0 darts
  a - an uncursed +1 dagger (alternate weapon; not wielded)
 Armor    ('[')
  D - an uncursed +1 orcish helm (being worn)
  e - an uncursed +2 cloak of displacement (being worn)
 Comestibles  ('%')
  C - 2 uncursed jackfruits
  f - 3 uncursed cram rations
  z - 2 uncursed food rations
 Scrolls  ('?')
  y - an uncursed scroll of create monster
  u - a cursed scroll of food detection
  m - 2 uncursed scrolls of identify
  A - an uncursed scroll of identify
 Spellbooks  ('+')
  H - an uncursed spellbook of drain life
 Potions  ('!')
  w - an uncursed potion of booze
  v - an uncursed potion of confusion
  l - a blessed potion of gain energy
  p - an uncursed potion of gain energy
  s - 2 uncursed potions of healing
  G - a blessed potion of object detection
  x - an uncursed potion of water
 Rings    ('=')
  k - a cursed -1 ring of protection
 Wands    ('/')
  r - an uncursed wand of make invisible named vanish (0:4)
  h - an uncursed wand of nothing (0:3)
  j - a cursed wand of striking (0:6)
 Tools    ('(')
  n - an empty uncursed sack
  B - an uncursed bugle
  q - a blessed oil lamp (lit)
 Gems/Stones  ('*')
  i - 2 uncursed worthless pieces of blue glass
  F - an uncursed worthless piece of green glass
  t - an uncursed worthless piece of white glass

CyberFan the Ranger's attributes:

Background:
 You were a Trailblazer, a level 6 female human Ranger.
 You were chaotic, nominally on a mission for Mars
 who was opposed by Mercury (lawful) and Venus (neutral).
 You were right-handed.
 You were in the Gnomish Mines, on level 9.
 You entered the dungeon 3243 turns ago.
 It was nighttime.
 You had 624 experience points, 16 more were needed to attain level 7.

Basics:
 You had 0 out of 37 hit points.
 You had all 33 energy points (spell power).
 Your armor class was 5.
 Your wallet contained 667 zorkmids.
 Autopickup was on for '$%?!"=/*' plus thrown, with exceptions.

Final Characteristics:
 Your strength was 16 (limit:18/100).
 Your dexterity was 7 (peak:11, limit:18).
 Your constitution was 12 (limit:18).
 Your intelligence was 13 (limit:18).
 Your wisdom was 14 (limit:18).
 Your charisma was 9 (limit:18).

Final Status:
 You weren't hungry.
 You were unencumbered.
 You were wielding a bow.
 You had basic skill with bow and could have enhanced that.

Final Attributes:
 You were piously aligned.
 You had automatic searching.
 You were displaced.
 You were warded.
 You are dead.

Miscellaneous:
 You disabled loading and storing of bones levels.
 Total elapsed playing time was 24 minutes and 21 seconds.

Major events:
 Turn
    1: CyberFan the chaotic female human Ranger entered the dungeon
  637: entered the Gnomish Mines
 1522: attained the rank of Lookout (level 3)
 1935: attained the rank of Trailblazer (level 6)
 2692: reached Mine Town
 3243: killed by a lynx

You didn't know any spells.

Skills:
 Fighting Skills
   bare handed combat [Unskilled]
   riding             [Unskilled]
 Weapon Skills
   dagger             [Basic]
   knife              [Unskilled]
   axe                [Unskilled]
   pick-axe           [Unskilled]
   short sword        [Unskilled]
   morning star       [Unskilled]
   flail              [Unskilled]
   hammer             [Unskilled]
   quarterstaff       [Unskilled]
   polearms           [Unskilled]
   spear              [Unskilled]
   trident            [Unskilled]
   bow                [Basic]
   sling              [Unskilled]
   crossbow           [Unskilled]
   dart               [Unskilled]
   shuriken           [Unskilled]
   boomerang          [Unskilled]
   whip               [Unskilled]
 Spellcasting Skills
   healing spells     [Unskilled]
   divination spells  [Unskilled]
   escape spells      [Unskilled]

Voluntary challenges:
 Character rerolling was not enabled.
 You were an atheist.
 You never genocided any monsters.
 You never polymorphed an object.
 You never changed form.
 You used no wishes.
Achievements:
 You entered a shop.
 You entered the Gnomish Mines.
 You attained the rank of Lookout.
 You attained the rank of Trailblazer.
 You entered Minetown.

 The Dungeons of Doom: levels 1 to 6
    Level 1:
    Level 2:
       Some fountains.
    Level 3:
       A general store, many fountains.
       Stairs down to The Gnomish Mines.
    Level 4:
       A fountain.
    Level 5:
    Level 6:
 The Gnomish Mines: levels 4 to 9
    Level 4:
    Level 5:
    Level 6:
       An altar, a fountain.
    Level 7:
    Level 8:
    Level 9: <- You were here.
       Final resting place for
          you, killed by a lynx.


Vanquished creatures:
  2 gnome rulers
 10 bugbears
  a wood nymph
 an Uruk-hai
 an orc shaman
  a rock mole
  a shrieker
  4 gnome leaders
  a gnomish wizard
  a little dog
  a kobold shaman
  a hill orc
  a dwarf zombie
  a werejackal
 an acid blob
  a coyote
  4 large kobolds
  7 hobgoblins
 an orc
  a giant rat
  2 yellow molds
 24 gnomes
  a gecko
  4 jackals
  2 foxes
  5 kobolds
  4 goblins
  2 grid bugs
  3 lichens
  3 kobold zombies
  4 newts
96 creatures vanquished.

No species were genocided or became extinct.

Game over:
                       ----------
                      /          \
                     /    REST    \
                    /      IN      \
                   /     PEACE      \
                  /                  \
                  |     CyberFan     |
                  |      667 Au      |
                  | killed by a lynx |
                  |                  |
                  |                  |
                  |                  |
                  |       2026       |
                 *|     *  *  *      | *
        _________)/\\_//(\/(/\)/\//\/|_)_______

Goodbye CyberFan the Ranger...

You died in The Gnomish Mines on dungeon level 9 with 3507 points,
and 667 pieces of gold, after 3243 moves.
You were level 6 with a maximum of 37 hit points when you died.

